[Event "*** SCC Grand Prix: Titled Tuesday Blitz"]
[Site "Chess.com"]
[Date "2020.06.02"]
[Round "7"]
[White "Terao90"]
[Black "Natalya_Buksa"]
[Result "1-0"]
[WhiteElo "2322"]
[BlackElo "2559"]
[TimeControl "180+1"]
[EndTime "11:22:07 PDT"]
[Termination "Terao90 won by resignation"]

1. e4 c5 2. Nf3 Nc6 3. d4 cxd4 4. Nxd4 Nf6 5. Nc3 e5 6. Ndb5 d6 7. Nd5 Nxd5 8. exd5 Nb8 9. c4 Be7 10. Be2 O-O 11. O-O Nd7 12. Be3 f5 13. f3 f4 14.
Bf2 a6 15. Nc3 Nf6 16. b4 b6 17. Bd3 Rb8 18. Ne4 Nxe4 19. Bxe4 Qe8 20. Rc1 Bf5 21. Qd3 Bxe4 22. Qxe4 Qa4 23. Qb1 a5 24. b5 Rfc8 25. Qb3 Qxb3 26. axb3 Bd8 27. Ra1 Ra8 28. Ra4 Rab8 29.
Re1 Kf7 30. Kf1 Ke8 31. Ke2 Kd7 32. Kd3 Bc7 33. Rea1 Re8 34. Ke4 Rb7 35. b4 Ra8 36. bxa5 bxa5 37. Be1 Rba7 38. Bf2 Rb7 39. g3 fxg3 40.
hxg3 Bd8 41. Be3 Rc8 42. Bd2 Bb6 43. Rc1 h6 44. Rc2 Bd8 45. Kd3 Ke8 46. Rca2 Rf7 47. f4 exf4 48. gxf4 h5 49. Be3 Rb8 50. Re2 Kd7 51.
Raa2 h4 52. Rg2 Bf6 53. Rxa5 Rb7 54. Ra6 Re7 55. Rh2 Re8 56. Rha2 h3 57. Ra7 Rxa7 58. Rxa7+ Kc8 59. Ra8+ Kd7 60. Rxe8 Kxe8 61. Bg1 Kd7 62. Ke4 Bh4 63. Kf3 Be1 64. Kg4 Bd2 65. f5 Bc3 66.
Kxh3 Bf6 67. Kg4 Kc7 68. Kf3 Kb7 69. Ke4 Be5 70. Bd4 Bxd4 71. Kxd4 Kb6 72. c5+ dxc5+ 73. Kc4 Kb7 74. Kxc5 Kc7 75. b6+ Kd7 76. d6 Kc8 77. Kc6 Kb8 78. d7 1-0

[Event "*** SCC Grand Prix: Titled Tuesday Blitz"]
[Site "Chess.com"]
[Date "2020.06.02"]
[Round "7"]
[White "Reader777"]
[Black "Anton_Demchenko"]
[Result "0-1"]
[WhiteElo "2601"]
[BlackElo "2831"]
[TimeControl "180+1"]
[EndTime "11:22:08 PDT"]
[Termination "Anton_Demchenko won by resignation"]

1. d4 Nf6 2. c4 d6 3. Nf3 Nc6 4. Nc3 e5 5. e3 Be7 6. Be2 O-O 7. O-O Re8 8. h3 Bf8 9. b3 e4 10. Nd2 Bf5 11. Bb2 Bg6 12. Rc1 Ne7 13. Re1 Nf5 14.
Nf1 h5 15. d5 a6 16. Ng3 h4 17. Nxf5 Bxf5 18. Bf1 Nh7 19. Ne2 Qg5 20. Nf4 Nf6 21. Bd4 Qh6 22. Be2 Rad8 23. Nh5 Nxh5 24. Bxh5 Qg5 25. Bg4 Bg6 26. Be2 f5 27. c5 Bf7 28. c6 b6 29. Bxa6 Ra8 30. Bc4 Rxa2 31. Ra1 Rea8 32. Rxa2 Rxa2 33. Re2 Ra8 34. b4 Be7 35.
Ra2 Rf8 36. Ra7 Bd8 37. Ra8 f4 38. exf4 Qxf4 39. Be3 Qe5 40. Qd4 Qf5 41. b5 Kh7 42. Qd2 Kg8 43. Qd4 g5 44. Qd2 g4 45. hxg4 Qxg4 46.
Be2 Qg6 47. Bc4 Bf6 48. Rxf8+ Kxf8 49. Bd4 Bg5 50. Be3 Be7 51. Qa2 h3 52. Qa8+ Kg7 53. Bd4+ Bf6 54. Bxf6+ Qxf6 55. gxh3 Qg5+ 56. Kh2 Qf4+ 57.
Kg1 Qc1+ 58. Bf1 Qg5+ 59. Kh2 Qxd5 60. Qd8 Qe5+ 61. Kg1 d5 62. h4 d4 63. Bh3 d3 64.
Bg4 Qd5 65. Qg5+ Qxg5 66. hxg5 Kg6 67. f4 exf3 68. Bxf3 Kxg5 69. Kf2 Kf4 70. Bg2 Bc4 71. Ke1 Bxb5 72. Kd2 Ke5 73. Bf1 Kd6 74. Bxd3 Bxd3 0-1

[Event "*** SCC Grand Prix: Titled Tuesday Blitz"]
[Site "Chess.com"]
[Date "2020.06.02"]
[Round "7"]
[White "bugbug01052018"]
[Black "amiralfio"]
[Result "1/2-1/2"]
[WhiteElo "2213"]
[BlackElo "2374"]
[TimeControl "180+1"]
[EndTime "11:22:08 PDT"]
[Termination "Game drawn - insufficient material"]

1. d4 Nf6 2. c4 g6 3. Nf3 Bg7 4.
g3 O-O 5. Bg2 d5 6. O-O dxc4 7.
Ne5 Ne8 8. Na3 c5 9. e3 Nc6 10. Bxc6 bxc6 11. Naxc4 cxd4 12. exd4 Bh3 13. Re1 e6 14.
Nxc6 Qc7 15. N6a5 Rd8 16. Bf4 Qd7 17. Be5 Qd5 18. f3 f6 19. Bf4 e5 20. dxe5 fxe5 21.
Qxd5+ Rxd5 22. Bxe5 Rxf3 23. Bxg7 Nxg7 24. Rad1 Rxd1 25.
Rxd1 Ne6 26. Ne5 Re3 27. Nac4 Re2 28. Rd2 Re4 29. Kf2 Kg7 30. Kf3 Ng5+ 31. Kf2 Be6 32. b3 Nh3+ 33. Kg2 Ng5 34. h4 Nf7 35. Nxf7 Bxf7 36. Nd6 Re7 37. Nxf7 Kxf7 38. Kf3 Kg7 39. a4 Rb7 40. Rd3 a5 41. Rc3 Rb4 42. Ke2 h5 43. Kd2 Kf6 44. Kc2 g5 45. hxg5+ Kxg5 46. Rc5+ Kg4 47.
Rxa5 Re4 48. Rd5 Re3 49. Rd4+ Kxg3 50. a5 h4 51. a6 h3 52. Rd7 h2 53. Rh7 Kg2 54. a7 Re8 55. Kc3 Ra8 56. Kb4 Rxa7 57. Rxh2+ Kxh2 58. Kc5 Kg3 59. b4 Kf4 60. b5 Ke5 61. b6 Ra1 62. Kc6 Rc1+ 63. Kd7 Rd1+ 64. Kc7 Rc1+ 65. Kd7 Rb1 66. Kc7 Ke6 67. b7 Rc1+ 68. Kd8 Rb1 69. Kc8 Rc1+ 70. Kd8 Rd1+ 71. Kc8 Rb1 72. b8=Q Rxb8+ 73. Kxb8 1/2-1/2

[Event "*** SCC Grand Prix: Titled Tuesday Blitz"]
[Site "Chess.com"]
[Date "2020.06.02"]
[Round "7"]
[White "BlackBoarder"]
[Black "Angel_Hranitel_37"]
[Result "1/2-1/2"]
[WhiteElo "2632"]
[BlackElo "2409"]
[TimeControl "180+1"]
[EndTime "11:22:13 PDT"]
[Termination "Game drawn by agreement"]

1. e4 c5 2. Nf3 e6 3. c3 d5 4.
exd5 Qxd5 5. d4 Nf6 6. Na3 Qd8 7. Nc4 Nc6 8. Be3 cxd4 9. Nxd4 Nxd4 10. Qxd4 Qxd4 11. Bxd4 Be7 12. O-O-O O-O 13. Be2 Ne8 14. Bf3 f6 15. Be3 e5 16. Na5 Rb8 17. Bxa7 Ra8 18. Bb6 Ra6 19. Bd8 Bxd8 20. Rxd8 Nd6 21. Rxf8+ Kxf8 22. b4 b6 23. Nc6 Rxa2 24. Kb1 Rxf2 25. Rd1 Bf5+ 26. Ka1 Nb5 27. Rd8+ Kf7 28. Bd5+ Kg6 29. Ne7+ Kg5 30. Nxf5 Kxf5 31. Rc8 e4 32. Bc6 Nxc3 33.
Bd7+ Kf4 34. Rxc3 e3 35. Rc4+ Ke5 36. Bg4 e2 37. Bxe2 Rxe2 38. Rg4 g5 39. Kb1 h5 40.
Rg3 h4 41. Rg4 Kd5 42. h3 Kc6 43. g3 hxg3 44. Rxg3 Kb5 45. Rg4 Ka4 46. h4 gxh4 47. Rxh4 Rf2 48. Kc1 f5 49. Rd4 f4 50. Kd1 Rf3 51.
Ke2 Rb3 52. Rxf4 Rxb4 53. Rf5 b5 54. Kd2 Rc4 55. Rf1 Rc8 56. Ra1+ Kb4 57. Rb1+ Ka5 58. Ra1+ Kb6 59. Rb1 Rc4 60. Kd3 Kc5 61. Kd2 Rh4 62.
Kc2 b4 63. Kb3 Rh3+ 64. Kb2 Kb5 65. Rg1 Ka4 66. Rg2 Rf3 67. Kb1 Rb3+ 68. Ka2 Rc3 69.
Rg1 Rc4 70. Kb1 b3 71. Rg8 Kb4 72. Rb8+ Kc3 73. Rg8 Rc5 74. Rg3+ Kb4 75. Kb2 Rc2+ 76. Kb1 Ka3 77. Rg8 Rb2+ 78. Ka1 Ra2+ 79. Kb1 Rh2 80. Ra8+ Kb4 81. Rb8+ 1/2-1/2

[Event "*** SCC Grand Prix: Titled Tuesday Blitz"]
[Site "Chess.com"]
[Date "2020.06.02"]
[Round "7"]
[White "Zmeeed63"]
[Black "StockholmMissile"]
[Result "0-1"]
[WhiteElo "2221"]
[BlackElo "2439"]
[TimeControl "180+1"]
[EndTime "11:22:13 PDT"]
[Termination "StockholmMissile won on time"]

1. d4 Nf6 2. c4 g6 3. Nc3 Bg7 4.
Nf3 O-O 5. Bg5 d6 6. e3 h6 7. Bh4 c6 8. Be2 Nbd7 9. O-O e5 10.
Rc1 Re8 11. b4 exd4 12. exd4 Nf8 13. d5 c5 14. bxc5 dxc5 15. h3 b6 16. Bg3 Ne4 17. Nxe4 Rxe4 18. Bd3 Re8 19. Re1 Bd7 20. Qc2 Nh7 21.
Be5 Bxe5 22. Nxe5 Nf8 23. Qd2 Qg5 24. Qxg5 hxg5 25. Re3 Kg7 26. Rce1 Ba4 27. Nf3 Rxe3 28.
Rxe3 Kf6 29. Nd2 Nh7 30. Ne4+ Kg7 31. Rf3 Re8 32. Nd6 Re1+ 33. Kh2 f5 34. Nc8 f4 35.
Nxa7 Bd1 36. Nc8 Bxf3 37. gxf3 Nf6 38. Nxb6 Rd1 39. Be4 Rd2 40. Kg2 Ne8 41. Na4 Nd6 42. Nxc5 Nxc4 43. Ne6+ Kf6 44. a4 Ra2 45. Nc5 Nd6 46.
Bd3 Ke5 47. Be4 Nc4 48. Ne6 Rxa4 49. Nxg5 Ra2 50. h4 Ne3+ 51. Kh3 Nxd5 52. Bxd5 Kxd5 53. Kg4 Ke5 54. Nf7+ Kf6 55. Ng5 Ra4 56. Ne4+ Ke5 57. Kg5 Ra6 58. h5 gxh5 59. Kxh5 Ra3 60. Kg4 Ra8 61. Ng5 Rg8 62. Kh5 Rf8 63. Kg4 Rg8 64.
Kh5 Kf5 65. Nf7 Rg7 66. Nh6+ Kf6 67. Ng4+ Kf5 68. Nh6+ Ke5 69. Ng4+ Kd4 70. Nh6 Kd3 71. Nf5 Rg8 72. Nh6 Rg2 73. Ng4 Ke2 74. Kg5 Kxf3 75. Kf5 Rxg4 0-1

[Event "*** SCC Grand Prix: Titled Tuesday Blitz"]
[Site "Chess.com"]
[Date "2020.06.02"]
[Round "7"]
[White "Heineccius"]
[Black "Crazy_girl99"]
[Result "1-0"]
[WhiteElo "2612"]
[BlackElo "2415"]
[TimeControl "180+1"]
[EndTime "11:22:15 PDT"]
[Termination "Heineccius won on time"]

1. d4 d5 2. c4 e6 3. Nc3 c6 4.
e3 Nf6 5. Nf3 Nbd7 6. Qc2 Be7 7.
b3 O-O 8. Bd3 b6 9. O-O Bb7 10.
Bb2 Rc8 11. Rad1 Bd6 12. e4 dxe4 13. Nxe4 Nxe4 14. Bxe4 Nf6 15. Bd3 h6 16. c5 Bb8 17.
Ne5 Nd5 18. Qc1 Re8 19. Bb1 Qg5 20. f4 Qf6 21. Rf3 Ne7 22. Rh3 Nd5 23. Rf1 Ba6 24.
Rff3 Be2 25. Rf2 Ba6 26. Rff3 Be2 27. Qc2 Bxe5 28. Qh7+ Kf8 29. dxe5 Qd8 30. Rfg3 Nxf4 31. Qxg7+ Ke7 32. Qf6+ Kd7 33. Qxf4 Kc7 34. cxb6+ axb6 35. Rc3 Qd1+ 36. Kf2 Qf1+ 37. Ke3 Qxb1 38. Ba3 Ba6 39.
Bd6+ Kb7 40. Qd4 Qg1+ 41. Ke4 Qe1+ 42. Rhe3 Qh4+ 43. Kf3 Qh5+ 44. Kf2 Qxh2 45. Rf3 Qh5 46. Qf4 c5 47. Qxf7+ Qxf7 48. Rxf7+ Kc6 49. Rf6 Ra8 50. Rg3 Bb5 51. a4 Ba6 52. Rg7 b5 53. a5 Rac8 54.
Ra7 Bb7 55. Rf7 Ba8 56. Rfc7+ Rxc7 57. Rxc7+ Kd5 58. Rxc5+ Ke4 59. Rxb5 Bd5 60. Rb4+ Kf5 61. a6 h5 62. a7 Rg8 63. Rb8 Rxg2+ 64. Ke3 Ra2 65. Kd4 h4 66. b4 h3 67. Rf8+ Kg6 68. Bb8 h2 69. Rh8 h1=Q 70. Rxh1 Bxh1 71.
b5 Bd5 72. Kc5 Rc2+ 73. Kd6 Ra2 74. b6 Kf5 75. Bc7 Ke4 76. Kd7 Ra4 77. Kc8 Kd4 78. Kb8 Kc5 79. b7 Bxb7 80. Kxb7 Rb4+ 81. Kc8 Ra4 82.
Kb8 Kc6 83. Bd6 1-0

[Event "*** SCC Grand Prix: Titled Tuesday Blitz"]
[Site "Chess.com"]
[Date "2020.06.02"]
[Round "7"]
[White "zurzan"]
[Black "Vandros57"]
[Result "0-1"]
[WhiteElo "1924"]
[BlackElo "2235"]
[TimeControl "180+1"]
[EndTime "11:22:15 PDT"]
[Termination "Vandros57 won by checkmate"]

1. f4 d5 2. Nf3 Nf6 3. g3 g6 4.
Bg2 Bg7 5. O-O O-O 6. d3 b6 7. c3 Bb7 8. Qe1 c5 9. a4 Nbd7 10. Na3 Re8 11. Ne5 Nxe5 12. fxe5 Nd7 13. d4 Nf8 14.
Nb5 a6 15. Na3 f6 16. Bf4 Ne6 17. exf6 exf6 18. Be3 cxd4 19. Bxd4 Nxd4 20. cxd4 f5 21. Qd2 Qe7 22. Rae1 Qe3+ 23. Qxe3 Rxe3 24. Nc2 Rb3 25.
Rb1 a5 26. e3 Rc8 27. Rf2 Kf7 28. g4 Ke7 29. gxf5 g5 30. Bh3 Bf6 31. Bg4 Kd6 32.
Bd1 Re8 33. Kg2 Re4 34. h3 Rh4 35. Na3 Rxe3 36. Nb5+ Kd7 37. b4 Rexh3 38. bxa5 Rh2+ 39. Kf1 Rxf2+ 40. Kxf2 bxa5 41. Rc1 Bc6 42. Na7 Bxd4+ 43.
Kg3 Bxa7 44. Bg4 Bd4 45. f6+ Ke8 46. Rxc6 Kf7 47. Be2 Bxf6 48. Ra6 Rxa4 49. Ra7+ Kg6 50. Bd3+ Re4 51. Bxe4+ dxe4 52. Rxa5 h5 53. Kf2 h4 54. Ke3 Kh5 55. Kxe4 Kg4 56. Rf5 Bd8 57. Rf8 Bc7 58. Rg8 Bf4 59. Ra8 h3 60. Ra1 h2 61. Rh1 Kg3 62. Rf1 Kg2 63. Rb1 h1=Q 64. Rb2+ Kg3+ 65. Kf5 Qc1 66. Rb3+ Kh4 67. Rb7 Qc8+ 68. Kg6 Qxb7 69. Kf6 g4 70. Kf5 g3 71. Kxf4 g2 72. Ke3 g1=Q+ 73.
Kd3 Qd7+ 74. Kc2 Qgd1+ 75. Kb2 Q7d4+ 76. Ka2 Q1a4+ 77. Kb1 Qd3+ 78. Kc1 Qa1# 0-1

[Event "*** SCC Grand Prix: Titled Tuesday Blitz"]
[Site "Chess.com"]
[Date "2020.06.02"]
[Round "7"]
[White "aNaartjieZA"]
[Black "tigra"]
[Result "1-0"]
[WhiteElo "2579"]
[BlackElo "2714"]
[TimeControl "180+1"]
[EndTime "11:22:21 PDT"]
[Termination "aNaartjieZA won on time"]

1. e4 e6 2. d3 d5 3. Nd2 c5 4.
Ngf3 Nc6 5. g3 Nf6 6. Bg2 Be7 7. O-O O-O 8. Re1 Ne8 9. e5 b5 10. Nf1 a5 11. h4 b4 12. Ng5 a4 13. a3 Ba6 14.
Nh2 Nc7 15. Nh3 Rb8 16. Nf4 Kh8 17. Nh5 Nd4 18. axb4 cxb4 19. Rxa4 Bb5 20. Ra1 b3 21. cxb3 Bc6 22. Qg4 Nf5 23. Nf1 Rxb3 24. Ne3 g6 25.
Nxf5 exf5 26. Qd1 Rb7 27. Nf4 Ne6 28. Bd2 Rxb2 29. Qc1 Qb6 30. Be3 d4 31. Qxc6 Qxc6 32.
Bxc6 dxe3 33. fxe3 Nxf4 34. gxf4 Bxh4 35. Rf1 Rc8 36. Ra8 Rxa8 37. Bxa8 Re2 38. Rf3 Kg7 39. Bd5 h5 40. Bc4 Rc2 41. Bb3 Rc3 42. Bc4 Be7 43.
Rf1 Bc5 44. Kf2 h4 45. Rh1 Rc2+ 46. Kf3 Bb4 47. e6 fxe6 48. Bxe6 Be7 49. e4 Kh6 50. exf5 gxf5 51. Bxf5 Bf6 52. Ke4 Rg2 53. d4 Rd2 54. d5 Rd4+ 55. Kf3 Rxd5 56. Be4 Rd4 57. Bf5 Rc4 58. Kg4 Rc3 59. Rh3 Rc1 60. Kf3 Rg1 61. Bg4 Kg6 62. Be6 Kh5 63. Bf7+ Kh6 64. Be6 Rf1+ 65. Ke4 Kg6 66. Bf5+ Kh5 67. Be6 Re1+ 68. Kf5 Be7 69. Bf7+ Kh6 70. Rb3 Rg1 71. Rh3 Rg7 72. Be8 Rg8 73. Bf7 Rf8 74. Ke6 Bd8 75. Rh1 Kh7 76. f5 Kg7 77. Rg1+ Kh6 78. f6 1-0

[Event "*** SCC Grand Prix: Titled Tuesday Blitz"]
[Site "Chess.com"]
[Date "2020.06.02"]
[Round "7"]
[White "nihalsarin"]
[Black "Kira170"]
[Result "1/2-1/2"]
[WhiteElo "2984"]
[BlackElo "2629"]
[TimeControl "180+1"]
[EndTime "11:22:23 PDT"]
[Termination "Game drawn by repetition"]

1. e4 e6 2. d4 d5 3. Nc3 Nf6 4. e5 Nfd7 5. f4 c5 6. Nf3 Nc6 7. Be3 Qb6 8. Na4 Qa5+ 9. c3 b6 10. Bd2 c4 11. b4 Nxb4 12. cxb4 Bxb4 13. Bxb4 Qxb4+ 14. Kf2 b5 15. Nc5 Nxc5 16. dxc5 Qxc5+ 17. Qd4 Qxd4+ 18. Nxd4 Bd7 19. Be2 Ke7 20. Rhb1 Rhb8 21. a3 a5 22. Nc2 f6 23. Ke3 fxe5 24. fxe5 Be8 25. Rb2 Rb6 26. Kd2 Rab8 27. Kc3 Bg6 28. Nd4 Kf7 29. Bg4 b4+ 30. axb4 axb4+ 31. Rxb4 Rxb4 32.
Bxe6+ Ke8 33. Bxd5 Rb1 34. Ra7 Rc1+ 35. Kd2 c3+ 36.
Ke2 c2 37. Rc7 Rd1 38. Bc6+ Kf8 39. Nxc2 Bxc2 40. e6 Re8 41. Bxe8 Kxe8 42. Rxc2 Rd6 43. Rc8+ Ke7 44. Rc7+ Kf6 45. Rf7+ Kg6 46. Re7 Kf6 47.
Rf7+ Kg6 48. Ra7 Rxe6+ 49. Kf3 Rf6+ 50. Kg4 h6 51. h4 Rd6 52. Rb7 Re6 53. Kh3 Rd6 54.
Kg3 Re6 55. Rb5 Rd6 56. Kf3 Re6 57. Kf4 Rf6+ 58. Ke4 Re6+ 59. Kf3 Rf6+ 60. Kg4 Re6 61. g3 Rf6 62. Rc5 Re6 63. Kf4 Rf6+ 64. Ke4 Re6+ 65. Kf3 Rf6+ 66. Kg2 Re6 67. Rc4 Rf6 68. g4 Re6 69. Kg3 Kh7 70. Kf4 Rd6 71. Rc7 Rf6+ 72.
Kg3 Ra6 73. Rc3 Rb6 74. Rf3 Ra6 75. Re3 Rb6 76. Kf4 Ra6 77. g5 hxg5+ 78. Kxg5 Ra5+ 79.
Kg4 Ra4+ 80. Kg3 Ra5 81. Rf3 Ra6 82. Kg4 Rg6+ 83. Kh5 Rh6+ 84. Kg4 Rg6+ 85. Kh5 Rh6+ 86. Kg4 Rg6+ 1/2-1/2

[Event "*** SCC Grand Prix: Titled Tuesday Blitz"]
[Site "Chess.com"]
[Date "2020.06.02"]
[Round "7"]
[White "Majesth"]
[Black "Oneofmyturns"]
[Result "0-1"]
[WhiteElo "2449"]
[BlackElo "2617"]
[TimeControl "180+1"]
[EndTime "11:22:23 PDT"]
[Termination "Oneofmyturns won on time"]

1. d4 Nf6 2. Nc3 d5 3. Bf4 e6 4. Nb5 Na6 5. e3 Be7 6. Nf3 O-O 7. c4 c6 8. Nc3 dxc4 9. Bxc4 b5 10. Be2 Nd5 11.
Nxd5 exd5 12. O-O Bb7 13. Ne5 Bd6 14. Rc1 Qe8 15. a4 b4 16. Bg3 Nc7 17. Qc2 Rc8 18.
a5 a6 19. Bd3 g6 20. Nxg6 Bxg3 21. Nxf8 Bxh2+ 22. Kxh2 Qxf8 23. Bxh7+ Kg7 24. Bf5 Rd8 25. Qc5 Qh8+ 26. Kg1 Qh6 27. Qe7 Rh8 28. Qe5+ Kf8 29. Bh3 Ne8 30. Qf4 Qh7 31. Qg3 Bc8 32. f3 Rg8 33.
Bg4 f5 34. Rxc6 fxg4 35. fxg4+ Ke7 36. Qe5+ Kd8 37. Rb6 Qe4 38. Qxe4 dxe4 39. Rxb4 Rxg4 40. d5 Ke7 41. Rd4 Bd7 42. Rf4 Rxf4 43. exf4 Kd6 44.
Rxe4 Nf6 45. Rd4 Kc5 46. Rd1 Nxd5 47. g3 Bg4 48. Rc1+ Kb5 49. Kf2 Nb4 50. Ra1 Nd3+ 51. Ke3 Kc4 52. Ra3 Nxb2 53. f5 Bxf5 54. Kf4 Bd7 55.
Rf3 Kb4 56. Rf1 Nc4 57. Rb1+ Kxa5 58. g4 Nd6 59. g5 Nb5 60. Ra1+ Kb6 61. g6 Be8 62. g7 Bf7 63. Ke5 a5 64. Rf1 Bc4 65. Rf6+ Kc5 66. Re6 Bxe6 67. Kxe6 Nd4+ 68. Kd7 a4 69. g8=Q Nb5 70. Qa2 a3 71. Qb3 Kb6 72. Ke6 Kc5 73. Ke5 Kc6 74. Qc4+ Kb6 75. Kd5 a2 76. Qc5+ Ka5 77. Qc1 Kb4 78. Ke4 Nc3+ 0-1

[Event "*** SCC Grand Prix: Titled Tuesday Blitz"]
[Site "Chess.com"]
[Date "2020.06.02"]
[Round "7"]
[White "EfrenRamos1"]
[Black "Stronger1799"]
[Result "1/2-1/2"]
[WhiteElo "2191"]
[BlackElo "2343"]
[TimeControl "180+1"]
[EndTime "11:22:24 PDT"]
[Termination "Game drawn - insufficient material"]

1. d4 Nf6 2. c4 g6 3. Nc3 d5 4. Nf3 Bg7 5. Bf4 O-O 6. e3 c5 7. h3 cxd4 8. exd4 Nc6 9. Bd3 dxc4 10. Bxc4 Ne8 11. d5 Qa5 12. Bd2 Qb4 13. Qb3 Qxb3 14.
axb3 Nb4 15. O-O Nd6 16. Nb5 Nxb5 17. Bxb4 Nd6 18. Bc3 Bxc3 19. bxc3 Nxc4 20. bxc4 Bf5 21. c5 Rfc8 22. Ra5 Be4 23. c4 Rc7 24. Nd2 Bf5 25. g4 Bd3 26. Re1 g5 27. Re3 Bg6 28. Rea3 a6 29.
f3 Rac8 30. Kf2 Rxc5 31. Rxc5 Rxc5 32. Ke3 e5 33. dxe6 fxe6 34. Kd4 Rc6 35. c5 Kf7 36. Nc4 Rc7 37. Nd6+ Kf6 38. Rb3 Rd7 39. Rxb7 Rxb7 40. Nxb7 e5+ 41. Kd5 Bd3 42. Na5 Be2 43. Ke4 Ke6 44. c6 Bb5 45. c7 Bd7 46. Nb3 Kd6 47. Nd2 Bc6+ 48. Ke3 Kxc7 49. Nc4 e4 50. fxe4 Kd7 51. Kd4 Ke6 52. e5 Bg2 53.
Nd2 Bxh3 54. Ne4 h6 55. Nc5+ Ke7 56. Nxa6 Bxg4 57. Nb4 Bf5 58. Nd5+ Ke6 59. Nc7+ Ke7 60. Nd5+ Kf7 61. Ne3 Be6 62. Ke4 Kg6 63. Nc2 h5 64. Nd4 Bg4 65. Ke3 Kf7 66. Ke4 Be6 67. Ke3 h4 68.
Nf3 Kg6 69. Nd4 Kf7 70. Nf3 Kg6 71. Nd4 Bd5 72. Ke2 h3 73. Kf2 g4 74. Kg3 Kg5 75.
Ne2 Kf5 76. Nf4 Bf3 77. Nxh3 Kxe5 78. Nf2 Kf5 79. Nxg4 1/2-1/2

[Event "*** SCC Grand Prix: Titled Tuesday Blitz"]
[Site "Chess.com"]
[Date "2020.06.02"]
[Round "7"]
[White "Azatic"]
[Black "Violord"]
[Result "1-0"]
[WhiteElo "2453"]
[BlackElo "2592"]
[TimeControl "180+1"]
[EndTime "11:22:27 PDT"]
[Termination "Azatic won on time"]

1. e4 c6 2. d4 d5 3. e5 Bf5 4. Nf3 e6 5. Be2 Nd7 6. O-O h6 7. b3 Ne7 8. c4 Ng6 9. Nc3 Bb4 10. Bd2 O-O 11. a3 Ba5 12. Rc1 f6 13. cxd5 exd5 14. exf6 Nxf6 15. Ne5 Bb6 16. Nxg6 Bxg6 17. Be3 Qd6 18.
h3 Qxa3 19. Na4 Qd6 20. Nxb6 axb6 21. Bd3 Bxd3 22. Qxd3 Ne4 23. Rfe1 Ra2 24. Rc2 Qb4 25.
Rec1 Ra3 26. Rb2 Qe7 27. f3 Ng3 28. Bf2 Nf5 29. Re1 Qf6 30. Rbe2 Raa8 31. Qc3 Qf7 32. Qb4 b5 33. g4 Qg6 34. Re6 Qg5 35. R6e5 Qf4 36. Rxf5 Rxf5 37. gxf5 Rf8 38. Qe7 Rxf5 39.
Qe3 Rg5+ 40. Kf1 Qh2 41. Ke2 Qxh3 42. f4 Qh5+ 43. Qf3 Rg4 44. Kd2 Qf5 45. Re8+ Kf7 46. Re5 Qg6 47. f5 Qg5+ 48. Be3 Qh4 49. f6 gxf6 50. Rf5 Re4 51. Bf2 Rxd4+ 52. Bxd4 Qxd4+ 53. Kc2 b4 54. Rf4 Qa1 55. Kd2 Qb2+ 56. Kd1 Qb1+ 57. Ke2 Qc2+ 58. Kf1 Qc3 59. Kg2 b5 60. Qg3 Qe5 61.
Qh4 d4 62. Qg4 d3 63. Qd7+ Kf8 64. Rf3 d2 65. Qxd2 Kf7 66. Qxh6 Qe4 67. Qh5+ Ke6 68. Qe8+ Kd5 69. Qd7+ Kc5 70. Qa7+ Kd5 71. Kg3 Qe5+ 72. Rf4 Qc3+ 73. Rf3 Qe5+ 74. Kf2 c5 75. Qd7+ Ke4 76.
Re3+ Kf4 77. Rxe5 fxe5 78. Qxb5 Ke4 79. Qc4+ Kf5 80. Qxc5 Kf4 81. Qxb4+ e4 82. Ke2 Ke5 83. Qc4 1-0

[Event "*** SCC Grand Prix: Titled Tuesday Blitz"]
[Site "Chess.com"]
[Date "2020.06.02"]
[Round "7"]
[White "atwalcb"]
[Black "MarcoRiehle"]
[Result "0-1"]
[WhiteElo "2381"]
[BlackElo "2632"]
[TimeControl "180+1"]
[EndTime "11:22:29 PDT"]
[Termination "MarcoRiehle won by checkmate"]

1. d4 d5 2. Nf3 e6 3. c4 Nf6 4. g3 dxc4 5. Bg2 Bb4+ 6. Bd2 a5 7.
O-O O-O 8. a3 Bxd2 9. Nbxd2 b5 10. a4 c6 11. Ne5 Ra6 12. Nxc6 Rxc6 13. Bxc6 Nxc6 14. axb5 Nxd4 15. Nxc4 Nxb5 16. Qxd8 Rxd8 17. Nxa5 Nd4 18. Rfd1 Nxe2+ 19. Kf1 Nd4 20. Nc6 Nxc6 21. Rxd8+ Nxd8 22. Ra8 Bd7 23. Rxd8+ Be8 24. b4 Kf8 25. Ke2 Ke7 26. Rb8 Nd5 27. Kd3 Nc7 28. Kd4 Kd6 29.
Rb6+ Bc6 30. Kc4 e5 31. Rb8 f5 32. Rh8 h6 33. Rh7 Bd5+ 34. Kd3 Ne6 35. Rh8 e4+ 36.
Ke3 Ke5 37. b5 g5 38. Rxh6 f4+ 39. gxf4+ gxf4+ 40. Kd2 Kd4 41. b6 e3+ 42. fxe3+ fxe3+ 43. Ke1 Nf4 44. Rh4 Ke4 45. Rg4 Bb7 46. Rg7 Kf3 47. Rg3+ Ke4 48. Rg4 Ba6 49. h4 Kf5 50. Rg5+ Kf6 51.
Rg4 Nd3+ 52. Ke2 Ne5+ 53. Kxe3 Nxg4+ 54. Kf4 Ne5 55. h5 Nd7 56. h6 Nxb6 57. h7 Kg7 58. h8=Q+ Kxh8 59. Ke5 Bf1 60. Kf4 Kg7 61. Ke5 Kg6 62. Kf4 Kf6 63. Ke4 Ke6 64. Kd4 Bg2 65. Kc5 Nd7+ 66. Kd4 Bd5 67. Ke3 Ke5 68. Kd3 Nc5+ 69.
Kc3 Be4 70. Kb4 Kd5 71. Kb5 Bd3+ 72. Kb4 Ne4 73. Kb3 Kc5 74. Kb2 Kc4 75. Ka3 Kc3 76. Ka2 Nd2 77. Ka1 Nb3+ 78. Ka2 Bc2 79. Ka3 Bb1 80. Ka4 Nd4 81. Ka3 Nb5+ 82. Ka4 Kc4 83. Ka5 Kc5 84. Ka4 Bc2+ 85. Ka5 Nd6 86. Ka6 Bd1 87. Ka5 Nb7+ 88. Ka6 Kc6 89. Ka7 Kc7 90. Ka6 Be2+ 91. Ka7 Nd6 92. Ka8 Bf1 93. Ka7 Nc8+ 94.
Ka8 Bg2# 0-1

[Event "*** SCC Grand Prix: Titled Tuesday Blitz"]
[Site "Chess.com"]
[Date "2020.06.02"]
[Round "7"]
[White "gumimis"]
[Black "NefeLV"]
[Result "1-0"]
[WhiteElo "2128"]
[BlackElo "1770"]
[TimeControl "180+1"]
[EndTime "11:22:30 PDT"]
[Termination "gumimis won on time"]

1. e4 e6 2. d4 d5 3. Nc3 Nf6 4. e5 Nfd7 5. f4 c5 6. Nf3 cxd4 7. Nxd4 Nc6 8. Be3 Bc5 9. Qd2 Nxd4 10. Bxd4 Qb6 11.
O-O-O Bxd4 12. Qxd4 Qxd4 13. Rxd4 Nc5 14. Be2 b6 15. b4 Nd7 16. Kb2 Ke7 17. a4 a6 18.
Ra1 Bb7 19. a5 bxa5 20. Rxa5 Rhc8 21. Na4 f6 22. exf6+ gxf6 23. Nc5 Nxc5 24. bxc5 e5 25. fxe5 fxe5 26. Rb4 Rc7 27. Rb6 d4 28. g3 Rac8 29.
Rh6 Be4 30. Bd3 Bxd3 31. cxd3 Rxc5 32. Rxh7+ Kf6 33. Rxa6+ Kf5 34. Rf7+ Kg4 35. Rg6+ Kh3 36. Rf2 Rb5+ 37. Ka1 Rc1+ 38. Ka2 Rc7 39. Rh6+ Kg4 40.
Rg6+ Kh5 41. Ra6 Rc3 42. Ra3 Rcc5 43. Re2 Kg4 44. Rb3 Ra5+ 45. Kb2 Rc3 46. Rxc3 dxc3+ 47.
Kxc3 Kh3 48. Kc4 Kg4 49. Re4+ Kf5 50. Rh4 Ra4+ 51. Kd5 Ra5+ 52. Kd6 Ra6+ 53. Kc5 Ra5+ 54. Kc4 Ra4+ 55. Kc3 Ra5 56. Kd2 Rc5 57. Ke3 Rc2 58.
Rh5+ Kf6 59. g4 Rg2 60. h3 Rg3+ 61. Ke4 Rg1 62. Rf5+ Kg6 63. Rh5 Re1+ 64. Kd5 Kf6 65. Rh6+ Kg5 66. Rh5+ Kf6 67. h4 Re3 68. Rh6+ Kg7 69. g5 Rxd3+ 70. Kxe5 Re3+ 71. Kf4 Ra3 72. Re6 Ra5 73. Kg4 Kf7 74. Rb6 Rc5 75. Rb4 Rd5 76.
h5 Rc5 77. h6 Kg6 78. Rb6+ Kh7 79. Kh5 Rc1 80. Rb7+ Kg8 81. Re7 1-0

[Event "*** SCC Grand Prix: Titled Tuesday Blitz"]
[Site "Chess.com"]
[Date "2020.06.02"]
[Round "7"]
[White "Funo09"]
[Black "AverageRecord"]
[Result "1/2-1/2"]
[WhiteElo "2793"]
[BlackElo "3004"]
[TimeControl "180+1"]
[EndTime "11:22:52 PDT"]
[Termination "Game drawn - insufficient material"]

1. e4 e5 2. Nf3 Nf6 3. Nc3 Nc6 4. Bb5 Be7 5. O-O Nd4 6. Ba4 Nxf3+ 7. Qxf3 O-O 8. Rd1 d6 9. h3 a6 10. Bb3 b5 11. a4 b4 12. Nd5 a5 13. c3 Nd7 14.
cxb4 axb4 15. Nxb4 Nc5 16. Bd5 Rxa4 17. Rxa4 Nxa4 18.
Nc6 Qe8 19. d4 exd4 20. Rxd4 Nb6 21. Be3 Bf6 22. Rb4 Nxd5 23. exd5 Bd7 24. Rb8 Qxb8 25. Nxb8 Rxb8 26. Bc1 Bxb2 27. Bxb2 Rxb2 28. Qa3 Rb8 29. Qa7 Rc8 30. Kh2 h5 31. Kg3 Bf5 32. Kf4 Bd7 33. Kg5 Bb5 34. Qb7 Bd7 35. Kxh5 Kf8 36.
Kg5 Ke7 37. f3 c6 38. dxc6 Rxc6 39. h4 Rc5+ 40. Kf4 Rf5+ 41. Kg3 Re5 42. Qb2 g6 43. Qd4 Be6 44. Kf2 Rd5 45. Qf4 Rf5 46. Qb4 Rc5 47. g4 Rd5 48. Kg3 Rc5 49. Qd4 Rd5 50. Qh8 Rd3 51.
h5 gxh5 52. gxh5 Bd5 53. h6 Bxf3 54. Kf4 Bh5 55. h7 Bg6 56. Qg7 Bxh7 57. Qxh7 Rd5 58. Qh4+ Ke8 59. Qf6 Re5 60. Qxd6 Re6 61. Qc5 Rf6+ 62.
Kg5 Re6 63. Kf5 Rg6 64. Qc8+ Ke7 65. Qc7+ Kf8 66. Qd7 Kg7 67. Qd4+ Kg8 68. Qd8+ Kg7 69. Qe7 Kg8 70. Qd7 Kg7 71. Qd4+ Kg8 72. Qh4 Kg7 73. Qh5 Re6 74. Qg5+ Rg6 75. Qe7 Kg8 76. Kf4 Re6 77. Qg5+ Rg6 78. Qf5 Kg7 79. Qd3 Rf6+ 80. Kg5 Rg6+ 81.
Kh5 Rh6+ 82. Kg4 Rg6+ 83. Kf3 Rf6+ 84. Ke4 Re6+ 85. Kd5 Rg6 86. Qd4+ Kg8 87. Qf4 Re6 88. Qf5 Rg6 89. Qc8+ Kg7 90. Qc3+ Kg8 91. Qf3 Kg7 92. Ke5 Re6+ 93. Kd4 Rd6+ 94. Kc5 Rg6 95. Qf5 Kg8 96. Kd5 Kg7 97. Ke5 Re6+ 98. Qxe6 fxe6 99. Kxe6 1/2-1/2